Avalanche vs Panthers
(R1)
Created - November 13, 2018 at 19:09
Goals
|
| Avalanche |
2 |
0 |
2 |
4 |
| Panthers |
4 |
0 |
2 |
6 |
|
Shots
|
| Avalanche |
14 |
4 |
14 |
32 |
| Panthers |
11 |
5 |
8 |
24 |
|
1st period
1. Panthers , Kyle Clifford 6 (Matthew Spiller 5) at 5:11
2. Panthers , Erik Christensen 1 (Erik Gudbranson 6) at 8:03
3. Avalanche , Andrew Ladd 3 (Greg Campbell 4, Marc Staal 7) at 10:41
4. Panthers , Alexander Perezhogin 1 (Daniel Sedin 1, Erik Gudbranson 7) at 12:27
5. Avalanche , Patric Hornqvist 7 (Bryan Little 14, Mikkel Boedker 14) at 16:46 (PP)
6. Panthers , Alex Galchenyuk 1 (Drew Stafford 1, Erik Gudbranson 8) at 17:36
Penalties :
Jean-Gabriel Pageau (Flo) for Holding (Minor) at 1:59, Alex Galchenyuk (Flo) for Interference (Minor) at 16:00
2nd period
No Goal
Penalties :
Jonathan Sigalet (Flo) for Holding (Minor) at 1:22, Patric Hornqvist (Col) for Roughing (Minor) at 7:30, Patric Hornqvist (Col) for Roughing (Double Minor) at 9:45
3rd period
7. Panthers , Erik Christensen 2 (Tomas Kopecky 8) at 3:25
8. Panthers , Tomas Kopecky 7 (Kyle Clifford 10, Matthew Spiller 6) at 4:10 (PP)
9. Avalanche , Paul Stastny 4 (Andrei Kostitsyn 9, Semyon Varlamov) at 7:20 (PP)
10. Avalanche , Mikkel Boedker 10 (Marc Staal 8, Alexander Radulov 7) at 11:42
Penalties :
Andrei Kostitsyn (Col) for Holding Stick (Minor) at 3:39, William Colbert (Flo) for Tripping (Minor) at 6:46, Alexander Radulov (Col) for Slashing (Minor) at 9:26, Erik Gudbranson (Flo) for Holding (Minor) at 17:21
Goalie Stats
Semyon Varlamov (Col), 13 saves from 15 shots - (0.867), L, 4-4-0, 42:24 minutes
Roberto Luongo (Col), 5 saves from 9 shots - (0.556), 17:36 minutes
Antti Niemi (Flo), 28 saves from 32 shots - (0.875), W, 3-4-3, 60:00 minutes
Players Stats for Avalanche
Player Name G A P +/- PIM S H SB GA TA FO MP PP MP PK MP
------------------------------------------------------------------------------------
Alexander Radulov 0 1 1 -4 2 0 5 0 0 0 1/1 17:17 3:12 0:00
Andrei Kostitsyn 0 1 1 -4 2 1 0 1 1 0 1/1 19:30 3:12 2:29
Andrew Ladd 1 0 1 1 0 4 1 0 0 1 3/6 13:37 0:00 4:00
Brandon Yip 0 0 0 1 0 0 0 1 0 0 0/0 10:58 0:00 1:46
Bryan Little 0 1 1 0 0 3 4 1 0 0 14/23 18:21 4:05 0:00
Chuck Kobasew 0 0 0 0 0 0 0 0 0 0 0/0 10:51 0:00 4:01
Dan Boyle 0 0 0 -1 0 1 0 4 0 1 0/0 11:23 0:00 0:36
Greg Campbell 0 1 1 1 0 4 1 0 0 0 2/5 11:48 0:00 2:29
Jack Johnson 0 0 0 -3 0 1 0 0 0 0 0/0 25:34 4:19 3:29
Jay Bouwmeester 0 0 0 0 0 2 0 3 1 0 0/0 21:15 4:19 0:36
Johnny Boychuk 0 0 0 -1 0 0 0 0 0 0 0/0 14:18 0:00 3:29
Kyle Turris 0 0 0 0 0 0 1 0 0 0 0/2 8:43 0:00 2:11
Marc Staal 0 2 2 1 0 1 1 4 0 0 0/0 23:03 2:58 4:23
Mikkel Boedker 1 1 2 0 0 6 1 1 1 0 0/0 18:21 4:05 0:00
Patric Hornqvist 1 0 1 0 6 4 1 0 0 0 2/2 18:28 4:05 0:00
Paul Stastny 1 0 1 -4 0 3 3 0 0 0 9/15 17:02 3:12 0:00
Pernell Karl Subban 0 0 0 -2 0 2 3 4 1 1 0/0 24:27 2:58 4:23
Zach Boychuk 0 0 0 0 0 0 0 0 0 0 0/0 6:32 0:00 0:00
Players Stats for Panthers
Player Name G A P +/- PIM S H SB GA TA FO MP PP MP PK MP
------------------------------------------------------------------------------------
Alex Galchenyuk 1 0 1 0 2 3 3 0 0 0 0/1 19:47 4:01 0:51
Alexander Perezhogin 1 0 1 0 0 2 0 0 0 0 0/0 9:28 0:46 1:14
Brayden Schenn 0 0 0 0 0 2 1 0 0 0 10/29 23:20 4:01 4:23
Daniel Sedin 0 1 1 0 0 1 0 0 0 0 1/1 7:18 0:00 0:00
Drew Stafford 0 1 1 0 0 0 0 1 0 0 0/0 23:38 4:06 4:22
Eric Wellwood 0 0 0 2 0 1 0 0 0 0 1/1 11:04 0:54 0:00
Erik Christensen 2 0 2 2 0 2 3 0 0 0 4/8 11:25 0:54 0:17
Erik Gudbranson 0 3 3 2 2 0 1 4 1 1 0/0 27:05 3:43 3:27
Jean-Gabriel Pageau 0 0 0 1 2 2 1 1 0 0 7/14 16:49 3:33 1:23
Jonathan Matsumoto 0 0 0 0 0 1 0 0 0 0 0/1 7:18 0:00 0:00
Jonathan Sigalet 0 0 0 0 2 0 2 1 1 1 0/0 19:59 3:50 2:16
Kyle Clifford 1 1 2 1 0 3 2 0 1 0 0/0 17:21 3:33 2:04
Matthew Spiller 0 2 2 2 0 0 2 0 0 1 0/0 27:41 3:28 4:59
Mike Komisarek 0 0 0 0 0 2 0 0 0 0 0/0 20:35 3:31 2:26
Patrick Eaves 0 0 0 2 0 2 0 1 0 0 0/0 9:50 0:00 0:00
Radko Gudas 0 0 0 1 0 0 0 0 0 0 0/0 13:21 0:45 1:26
Tomas Kopecky 1 1 2 1 0 3 2 0 0 0 0/0 14:48 3:36 0:00
William Colbert 0 0 0 1 2 0 1 0 0 1 0/0 11:51 1:39 0:00
3 Stars
1 - Erik Christensen (Flo)
2 - Kyle Clifford (Flo)
3 - Tomas Kopecky (Flo)
Power Play
Avalanche - 2 on 5 Attempt(s) - 40.00%
Panthers - 1 on 5 Attempt(s) - 20.00%
Penalty Kill
Avalanche - 4 on 5 Attempt(s) - 80.00%
- Score 0 goal in Penalty Kill
Panthers - 3 on 5 Attempt(s) - 60.00%
- Score 0 goal in Penalty Kill
Team Stat
Avalanche - Hits : 21 - Faceoff Wins : 32 - Blocked Shots : 19 - Penalty Minutes : 10
Panthers - Hits : 18 - Faceoff Wins : 23 - Blocked Shots : 8 - Penalty Minutes : 10
Official
Referees : Unknown
Linesman : Unknown
Game Notes
12:27 of 1st period - Panthers goal is going for a video replay. After video review, Goal.
Semyon Varlamov enters game at 17:36 of 1st period
Alex Galchenyuk is injured at 17:05 of 3rd period (Strained Right Knee)
Finance
Level 1 -- Attendance: 6000 (100.00%) -- Ticket Income $528,000
Level 2 -- Attendance: 5000 (100.00%) -- Ticket Income $275,000
Level 3 -- Attendance: 1192 (59.60%) -- Ticket Income $59,600
Level 4 -- Attendance: 3002 (75.05%) -- Ticket Income $96,064
Luxury Box -- Attendance: 1000 (100.00%) -- Ticket Income $145,000
Game was played at the Bank Atlantic Cente.
Total Attendance: 16194 (89.97%)
Total Ticket Income: $1,103,664
Other Income: $165,550
Total Income: $1,269,214
Avalanche
5 vs 5 Forward
Center Left Wing Right Wing Time % Phy DF OF
1 Bryan Little Mikkel Boedker Patric Hornqvist 35 1 2 2
2 Paul Stastny Andrei Kostitsyn Alexander Radulov 35 1 2 2
3 Greg Campbell Andrew Ladd Brandon Yip 20 1 2 2
4 Kyle Turris Zach Boychuk Chuck Kobasew 10 1 2 2
5 vs 5 Defense
Defense Defense Time % Phy DF OF
1 Pernell Karl Subban Jack Johnson 40 1 2 2
2 Jay Bouwmeester Marc Staal 35 1 2 2
3 Johnny Boychuk Dan Boyle 25 1 2 2
4 Marc Staal Jack Johnson 0 1 2 2
PowerPlay Forward
Center Left Wing Right Wing Time % Phy DF OF
1 Bryan Little Mikkel Boedker Patric Hornqvist 60 1 2 2
2 Paul Stastny Andrei Kostitsyn Alexander Radulov 40 1 2 2
PowerPlay Defense
Defense Defense Time % Phy DF OF
1 Jay Bouwmeester Jack Johnson 60 1 2 2
2 Pernell Karl Subban Marc Staal 40 1 2 2
Penalty Kill 4 Players Forward
Center Wing Time % Phy DF OF
1 Andrew Ladd Chuck Kobasew 60 1 2 2
2 Greg Campbell Brandon Yip 40 1 2 2
Penalty Kill 4 Players Defense
Defense Defense Time % Phy DF OF
1 Marc Staal Pernell Karl Subban 60 1 2 2
2 Jack Johnson Johnny Boychuk 40 1 2 2
Penalty Kill - 3 Players Forward
Forward Time % Phy DF OF
1 Chuck Kobasew 60 1 2 2
2 Andrew Ladd 40 1 2 2
Penalty Kill - 3 Players Defense
Defense Defense Time % Phy DF OF
1 Marc Staal Jack Johnson 60 1 2 2
2 Pernell Karl Subban Johnny Boychuk 40 1 2 2
4 vs 4 Forward
Center Wing Time % Phy DF OF
1 Patric Hornqvist Mikkel Boedker 60 1 2 2
2 Bryan Little Andrei Kostitsyn 40 1 2 2
4 vs 4 Defense
Defense Defense Time % Phy DF OF
1 Marc Staal Jack Johnson 60 1 2 2
2 Pernell Karl Subban Johnny Boychuk 40 1 2 2
Last Minutes Offensive
Center Left Wing Right Wing Defense Defense
Bryan Little Mikkel Boedker Patric Hornqvist Marc Staal Jack Johnson
Last Minutes Defensive
Center Left Wing Right Wing Defense Defense
Bryan Little Andrew Ladd Chuck Kobasew Marc Staal Jack Johnson
Goaltenders
Starting : Roberto Luongo
Backup : Semyon Varlamov
Extra Forwards
Normal : Andrew Ladd, Alexander Radulov, Greg Campbell - PP : Andrew Ladd, Alexander Radulov - PK : Greg Campbell
Extra Defensemen
Normal : Jay Bouwmeester, Dan Boyle, Pernell Karl Subban - PP : Jay Bouwmeester - PK : Jay Bouwmeester, Pernell Karl Subban
Penalty Shots
Mikkel Boedker, Patric Hornqvist, Kyle Turris, Bryan Little, Andrei Kostitsyn
Scratches
None
Panthers
5 vs 5 Forward
Center Left Wing Right Wing Time % Phy DF OF
1 Brayden Schenn Alex Galchenyuk Drew Stafford 40 1 2 2
2 Jean-Gabriel Pageau Kyle Clifford Tomas Kopecky 30 1 2 2
3 Erik Christensen Eric Wellwood Patrick Eaves 20 1 2 2
4 Jonathan Matsumoto Daniel Sedin Alexander Perezhogin 10 1 2 2
5 vs 5 Defense
Defense Defense Time % Phy DF OF
1 Erik Gudbranson Matthew Spiller 40 1 2 2
2 Jonathan Sigalet Mike Komisarek 30 1 2 2
3 Radko Gudas William Colbert 20 1 2 2
4 Erik Gudbranson Matthew Spiller 10 1 2 2
PowerPlay Forward
Center Left Wing Right Wing Time % Phy DF OF
1 Brayden Schenn Alex Galchenyuk Drew Stafford 60 1 2 2
2 Jean-Gabriel Pageau Kyle Clifford Tomas Kopecky 40 1 2 2
PowerPlay Defense
Defense Defense Time % Phy DF OF
1 Erik Gudbranson Matthew Spiller 60 1 2 2
2 Jonathan Sigalet Mike Komisarek 40 1 2 2
Penalty Kill 4 Players Forward
Center Wing Time % Phy DF OF
1 Brayden Schenn Drew Stafford 60 1 2 2
2 Jean-Gabriel Pageau Kyle Clifford 40 1 2 2
Penalty Kill 4 Players Defense
Defense Defense Time % Phy DF OF
1 Erik Gudbranson Matthew Spiller 60 1 2 2
2 Jonathan Sigalet Mike Komisarek 40 1 2 2
Penalty Kill - 3 Players Forward
Forward Time % Phy DF OF
1 Brayden Schenn 60 1 2 2
2 Drew Stafford 40 1 2 2
Penalty Kill - 3 Players Defense
Defense Defense Time % Phy DF OF
1 Erik Gudbranson Matthew Spiller 60 1 2 2
2 Jonathan Sigalet Mike Komisarek 40 1 2 2
4 vs 4 Forward
Center Wing Time % Phy DF OF
1 Brayden Schenn Drew Stafford 60 1 2 2
2 Jean-Gabriel Pageau Kyle Clifford 40 1 2 2
4 vs 4 Defense
Defense Defense Time % Phy DF OF
1 Erik Gudbranson Matthew Spiller 60 1 2 2
2 Jonathan Sigalet Mike Komisarek 40 1 2 2
Last Minutes Offensive
Center Left Wing Right Wing Defense Defense
Brayden Schenn Alex Galchenyuk Drew Stafford Erik Gudbranson Matthew Spiller
Last Minutes Defensive
Center Left Wing Right Wing Defense Defense
Brayden Schenn Kyle Clifford Drew Stafford Erik Gudbranson Matthew Spiller
Goaltenders
Starting : Antti Niemi
Backup : Petr Mrazek
Extra Forwards
Normal : Jean-Gabriel Pageau, Brayden Schenn, Kyle Clifford - PP : Kyle Clifford, Alex Galchenyuk - PK : Alexander Perezhogin
Extra Defensemen
Normal : Jonathan Sigalet, Erik Gudbranson, Matthew Spiller - PP : William Colbert - PK : Jonathan Sigalet, Erik Gudbranson
Penalty Shots
Alex Galchenyuk, Daniel Sedin, Patrick Eaves, Brayden Schenn, Kyle Clifford
Scratches
Nigel Dawes (Healthy), Mike Weber (Back Injury)
% Time on Ice - Avalanche
Lines # - Real PCT - Wanted PCT - Time Play
Normal Forward
1 - 33% - 35% - 14:41
2 - 31% - 35% - 13:50
3 - 21% - 20% - 9:12
4 - 15% - 10% - 6:32
Normal Defense
1 - 41% - 40% - 18:08
2 - 35% - 35% - 15:20
3 - 24% - 25% - 10:47
4 - 0% - 0% - 0:00
PP Forward
1 - 56% - 60% - 4:05
2 - 44% - 40% - 3:12
PP Defense
1 - 59% - 60% - 4:19
2 - 41% - 40% - 2:58
PK Forward
1 - 79% - 60% - 6:42
2 - 21% - 40% - 1:46
PK Defense
1 - 59% - 60% - 4:59
2 - 41% - 40% - 3:29
PK3 Forward
1 - 0% - 60%
2 - 0% - 40%
PK3 Defense
1 - 0% - 60%
2 - 0% - 40%
44 Forward
1 - 0% - 60%
2 - 0% - 40%
44 Defense
1 - 0% - 60%
2 - 0% - 40%
Last Minute Offensive - 0:00
Last Minute Defensive - 0:00
Total
Forward - 60:00
Defense - 60:00
|
% Time on Ice - Panthers
Lines # - Real PCT - Wanted PCT - Time Play
Normal Forward
1 - 35% - 40% - 15:23
2 - 27% - 30% - 11:44
3 - 22% - 20% - 9:50
4 - 16% - 10% - 7:18
Normal Defense
1 - 42% - 40% - 18:45
2 - 30% - 30% - 13:28
3 - 23% - 20% - 10:13
4 - 4% - 10% - 1:49
PP Forward
1 - 52% - 60% - 4:25
2 - 48% - 40% - 4:03
PP Defense
1 - 58% - 60% - 4:57
2 - 42% - 40% - 3:31
PK Forward
1 - 72% - 60% - 5:13
2 - 28% - 40% - 2:04
PK Defense
1 - 75% - 60% - 5:26
2 - 25% - 40% - 1:51
PK3 Forward
1 - 0% - 60%
2 - 0% - 40%
PK3 Defense
1 - 0% - 60%
2 - 0% - 40%
44 Forward
1 - 0% - 60%
2 - 0% - 40%
44 Defense
1 - 0% - 60%
2 - 0% - 40%
Last Minute Offensive - 0:00
Last Minute Defensive - 0:00
Total
Forward - 60:00
Defense - 60:00
|
Play by Play
1st period
0:01 of 1st period - Bryan Little wins face-off versus Brayden Schenn in neutral zone.
0:07 of 1st period - Erik Gudbranson is hit by Pernell Karl Subban and loses puck.
0:55 of 1st period - Slapshot by Andrew Ladd.
0:55 of 1st period - Shot Misses the Net.
1:59 of 1st period - Minor Penalty to Jean-Gabriel Pageau for Holding.
2:00 of 1st period - Bryan Little wins face-off versus Brayden Schenn in Panthers zone.
2:02 of 1st period - Wrist shot by Patric Hornqvist.
2:02 of 1st period - Shot Misses the Net.
2:04 of 1st period - Slapshot by Jay Bouwmeester.
2:04 of 1st period - Stopped by Antti Niemi with a rebound.
2:06 of 1st period - Wrist shot by Jay Bouwmeester.
2:06 of 1st period - Stopped by Antti Niemi with a rebound.
2:24 of 1st period - Matthew Spiller is hit by Alexander Radulov and loses puck.
2:37 of 1st period - Brayden Schenn is hit by Alexander Radulov and loses puck.
3:59 of 1st period - Penalty to Jean-Gabriel Pageau is over, Jean-Gabriel Pageau is back on ice.
4:13 of 1st period - Snap shot by Eric Wellwood.
4:13 of 1st period - Stopped by Roberto Luongo with a rebound.
4:15 of 1st period - Slapshot by William Colbert.
4:15 of 1st period - Shot Blocked by Brandon Yip.
4:26 of 1st period - Off-side.
4:27 of 1st period - Jean-Gabriel Pageau wins face-off versus Kyle Turris in neutral zone.
4:32 of 1st period - Snap shot by Kyle Clifford.
4:32 of 1st period - Shot Misses the Net.
4:38 of 1st period - Slapshot by Dan Boyle.
4:38 of 1st period - Stopped by Antti Niemi without a rebound.
4:39 of 1st period - Bryan Little wins face-off versus Brayden Schenn in Panthers zone.
4:52 of 1st period - Wrist shot by Mikkel Boedker.
4:52 of 1st period - Shot Blocked by Erik Gudbranson.
5:11 of 1st period - Wrist shot by Kyle Clifford.
5:11 of 1st period - Goal by Kyle Clifford - Avalanche : 0 - Panthers : 1.
5:12 of 1st period - Brayden Schenn wins face-off versus Paul Stastny in neutral zone.
5:37 of 1st period - Brayden Schenn is hit by Marc Staal.
5:57 of 1st period - Snap shot by Brayden Schenn.
5:57 of 1st period - Stopped by Roberto Luongo with a rebound.
5:59 of 1st period - Slapshot by Drew Stafford.
5:59 of 1st period - Shot Misses the Net.
6:01 of 1st period - Wrist shot by Brayden Schenn.
6:01 of 1st period - Stopped by Roberto Luongo with a rebound.
6:36 of 1st period - Snap shot by Andrew Ladd.
6:36 of 1st period - Stopped by Antti Niemi without a rebound.
6:37 of 1st period - Bryan Little wins face-off versus Jean-Gabriel Pageau in Panthers zone.
6:42 of 1st period - Slapshot by Mikkel Boedker.
6:42 of 1st period - Shot Misses the Net.
6:52 of 1st period - Slapshot by Erik Gudbranson.
6:52 of 1st period - Shot Blocked by Mikkel Boedker.
8:03 of 1st period - Slapshot by Erik Christensen.
8:03 of 1st period - Goal by Erik Christensen - Avalanche : 0 - Panthers : 2.
8:04 of 1st period - Paul Stastny wins face-off versus Jean-Gabriel Pageau in neutral zone.
8:11 of 1st period - Wrist shot by Paul Stastny.
8:11 of 1st period - Shot Blocked by Erik Gudbranson.
8:37 of 1st period - Snap shot by Brayden Schenn.
8:37 of 1st period - Shot Misses the Net.
8:47 of 1st period - Wrist shot by Mikkel Boedker.
8:47 of 1st period - Stopped by Antti Niemi with a rebound.
9:24 of 1st period - Slapshot by Erik Christensen.
9:24 of 1st period - Shot Misses the Net.
9:50 of 1st period - Wrist shot by Alexander Perezhogin.
9:50 of 1st period - Stopped by Roberto Luongo without a rebound.
9:51 of 1st period - Jean-Gabriel Pageau wins face-off versus Bryan Little in Avalanche zone.
10:06 of 1st period - Backhand shot by Tomas Kopecky.
10:06 of 1st period - Shot Misses the Net.
10:16 of 1st period - Eric Wellwood is hit by Alexander Radulov and loses puck.
10:41 of 1st period - Snap shot by Andrew Ladd.
10:41 of 1st period - Goal by Andrew Ladd - Avalanche : 1 - Panthers : 2.
10:42 of 1st period - Bryan Little wins face-off versus Brayden Schenn in neutral zone.
11:34 of 1st period - Jean-Gabriel Pageau is hit by Bryan Little and loses puck.
11:49 of 1st period - Backhand shot by Alexander Perezhogin.
11:49 of 1st period - Shot Misses the Net.
11:51 of 1st period - Snap shot by Jonathan Matsumoto.
11:51 of 1st period - Deflect By Alexander Perezhogin.
11:51 of 1st period - Shot Misses the Net.
11:51 of 1st period - Puck is out of play.
11:52 of 1st period - Paul Stastny wins face-off versus Jonathan Matsumoto in Avalanche zone.
11:59 of 1st period - Snap shot by Daniel Sedin.
11:59 of 1st period - Stopped by Roberto Luongo with a rebound.
12:25 of 1st period - Snap shot by Alexander Perezhogin.
12:25 of 1st period - Shot Misses the Net.
12:27 of 1st period - Wrist shot by Alexander Perezhogin.
12:27 of 1st period - Panthers goal is going for a video replay.
12:27 of 1st period - The goal is good.
12:27 of 1st period - Goal by Alexander Perezhogin - Avalanche : 1 - Panthers : 3.
12:28 of 1st period - Patric Hornqvist wins face-off versus Brayden Schenn in neutral zone.
12:35 of 1st period - Snap shot by Mikkel Boedker.
12:35 of 1st period - Stopped by Antti Niemi with a rebound.
13:02 of 1st period - Slapshot by Patrick Eaves.
13:02 of 1st period - Shot Misses the Net.
13:04 of 1st period - Wrist shot by Eric Wellwood.
13:04 of 1st period - Shot Blocked by Pernell Karl Subban.
13:06 of 1st period - Snap shot by Matthew Spiller.
13:06 of 1st period - Shot Blocked by Pernell Karl Subban.
13:37 of 1st period - Chuck Kobasew is hit by Brayden Schenn and loses puck.
13:55 of 1st period - Off-side.
13:56 of 1st period - Daniel Sedin wins face-off versus Bryan Little in neutral zone.
14:31 of 1st period - Snap shot by Greg Campbell.
14:31 of 1st period - Stopped by Antti Niemi with a rebound.
14:33 of 1st period - Slapshot by Dan Boyle.
14:33 of 1st period - Shot Blocked by Erik Gudbranson.
14:35 of 1st period - Snap shot by Andrew Ladd.
14:35 of 1st period - Stopped by Antti Niemi without a rebound.
14:36 of 1st period - Brayden Schenn wins face-off versus Paul Stastny in Panthers zone.
14:47 of 1st period - Wrist shot by Alex Galchenyuk.
14:47 of 1st period - Shot Misses the Net.
14:49 of 1st period - Snap shot by Brayden Schenn.
14:49 of 1st period - Shot Blocked by Andrei Kostitsyn.
14:51 of 1st period - Snap shot by Alex Galchenyuk.
14:51 of 1st period - Shot Blocked by Pernell Karl Subban.
15:01 of 1st period - Mike Komisarek is hit by Bryan Little and loses puck.
15:45 of 1st period - Slapshot by Pernell Karl Subban.
15:45 of 1st period - Stopped by Antti Niemi with a rebound.
15:47 of 1st period - Snap shot by Pernell Karl Subban.
15:47 of 1st period - Stopped by Antti Niemi with a rebound.
15:49 of 1st period - Slapshot by Chuck Kobasew.
15:49 of 1st period - Shot Blocked by Drew Stafford.
16:00 of 1st period - Minor Penalty to Alex Galchenyuk for Interference.
16:01 of 1st period - Brayden Schenn wins face-off versus Bryan Little in Panthers zone.
16:46 of 1st period - Wrist shot by Patric Hornqvist.
16:46 of 1st period - Goal by Patric Hornqvist - Avalanche : 2 - Panthers : 3.
16:47 of 1st period - Jean-Gabriel Pageau wins face-off versus Paul Stastny in neutral zone.
17:36 of 1st period - Snap shot by Alex Galchenyuk.
17:36 of 1st period - Goal by Alex Galchenyuk - Avalanche : 2 - Panthers : 4.
17:36 of 1st period - Semyon Varlamov enters game.
17:37 of 1st period - Paul Stastny wins face-off versus Brayden Schenn in neutral zone.
17:50 of 1st period - Snap shot by Alex Galchenyuk.
17:50 of 1st period - Shot Hit the Post.
18:06 of 1st period - Wrist shot by Tomas Kopecky.
18:06 of 1st period - Shot Misses the Net.
18:08 of 1st period - Snap shot by Jean-Gabriel Pageau.
18:08 of 1st period - Deflect By Tomas Kopecky.
18:08 of 1st period - Shot Blocked by Jay Bouwmeester.
18:08 of 1st period - Puck is out of play.
18:09 of 1st period - Bryan Little wins face-off versus Jean-Gabriel Pageau in Avalanche zone.
18:14 of 1st period - Snap shot by Bryan Little.
18:14 of 1st period - Stopped by Antti Niemi with a rebound.
18:24 of 1st period - Jack Johnson is hit by Kyle Clifford and loses puck.
18:35 of 1st period - Drew Stafford is hit by Pernell Karl Subban and loses puck.
19:42 of 1st period - Wrist shot by Mikkel Boedker.
19:42 of 1st period - Stopped by Antti Niemi without a rebound.
19:43 of 1st period - Bryan Little wins face-off versus Brayden Schenn in Panthers zone.
19:52 of 1st period - Snap shot by Alex Galchenyuk.
19:52 of 1st period - Stopped by Semyon Varlamov with a rebound.
19:54 of 1st period - Slapshot by Alex Galchenyuk.
19:54 of 1st period - Stopped by Semyon Varlamov without a rebound.
19:55 of 1st period - Paul Stastny wins face-off versus Brayden Schenn in Avalanche zone.
Goals for this period are 2 for Avalanche vs 4 for Panthers.
Shots for this period are 14 for Avalanche vs 11 for Panthers.
2nd period
0:01 of 2nd period - Brayden Schenn wins face-off versus Paul Stastny in neutral zone.
0:13 of 2nd period - Icing by Jack Johnson.
0:14 of 2nd period - Alexander Radulov wins face-off versus Jean-Gabriel Pageau in Avalanche zone.
0:25 of 2nd period - Slapshot by Andrei Kostitsyn.
0:25 of 2nd period - Shot Misses the Net.
0:27 of 2nd period - Snap shot by Paul Stastny.
0:27 of 2nd period - Shot Blocked by Jean-Gabriel Pageau.
0:29 of 2nd period - Wrist shot by Andrei Kostitsyn.
0:29 of 2nd period - Shot Blocked by Erik Gudbranson.
0:33 of 2nd period - Wrist shot by Paul Stastny.
0:33 of 2nd period - Stopped by Antti Niemi without a rebound.
0:34 of 2nd period - Bryan Little wins face-off versus Brayden Schenn in Panthers zone.
0:35 of 2nd period - Snap shot by Patric Hornqvist.
0:35 of 2nd period - Stopped by Antti Niemi without a rebound.
0:36 of 2nd period - Brayden Schenn wins face-off versus Bryan Little in Panthers zone.
1:07 of 2nd period - Slapshot by Marc Staal.
1:07 of 2nd period - Shot Misses the Net.
1:22 of 2nd period - Minor Penalty to Jonathan Sigalet for Holding.
1:23 of 2nd period - Bryan Little wins face-off versus Brayden Schenn in Panthers zone.
1:43 of 2nd period - Kyle Clifford is hit by Paul Stastny and loses puck.
2:57 of 2nd period - Alexander Radulov is hit by Matthew Spiller and loses puck.
3:19 of 2nd period - Radko Gudas is hit by Bryan Little and loses puck.
3:22 of 2nd period - Penalty to Jonathan Sigalet is over, Jonathan Sigalet is back on ice.
3:55 of 2nd period - Off-side.
3:56 of 2nd period - Jean-Gabriel Pageau wins face-off versus Bryan Little in neutral zone.
4:01 of 2nd period - Snap shot by Kyle Clifford.
4:01 of 2nd period - Stopped by Semyon Varlamov with a rebound.
4:03 of 2nd period - Snap shot by Tomas Kopecky.
4:03 of 2nd period - Stopped by Semyon Varlamov with a rebound.
4:45 of 2nd period - Jack Johnson is hit by Erik Christensen and loses puck.
5:45 of 2nd period - Drew Stafford is hit by Andrew Ladd and loses puck.
5:50 of 2nd period - Slapshot by Greg Campbell.
5:50 of 2nd period - Stopped by Antti Niemi with a rebound.
5:52 of 2nd period - Snap shot by Brandon Yip.
5:52 of 2nd period - Shot Misses the Net.
6:08 of 2nd period - Slapshot by Andrei Kostitsyn.
6:08 of 2nd period - Shot Misses the Net.
6:29 of 2nd period - Wrist shot by Tomas Kopecky.
6:29 of 2nd period - Stopped by Semyon Varlamov without a rebound.
6:30 of 2nd period - Jean-Gabriel Pageau wins face-off versus Kyle Turris in Avalanche zone.
6:41 of 2nd period - Wrist shot by Tomas Kopecky.
6:41 of 2nd period - Shot Misses the Net.
6:43 of 2nd period - Slapshot by Matthew Spiller.
6:43 of 2nd period - Deflect By Tomas Kopecky.
6:43 of 2nd period - Shot Blocked by Dan Boyle.
6:43 of 2nd period - Puck is out of play.
6:44 of 2nd period - Jean-Gabriel Pageau wins face-off versus Paul Stastny in Avalanche zone.
7:09 of 2nd period - Erik Christensen is hit by Mikkel Boedker and loses puck.
7:30 of 2nd period - Minor Penalty to Patric Hornqvist for Roughing.
7:31 of 2nd period - Brayden Schenn wins face-off versus Andrew Ladd in Avalanche zone.
8:48 of 2nd period - Snap shot by Andrei Kostitsyn.
8:48 of 2nd period - Shot Misses the Net.
9:30 of 2nd period - Penalty to Patric Hornqvist is over, Patric Hornqvist is back on ice.
9:36 of 2nd period - Wrist shot by Patric Hornqvist.
9:36 of 2nd period - Stopped by Antti Niemi without a rebound.
9:37 of 2nd period - Eric Wellwood wins face-off versus Bryan Little in Panthers zone.
9:42 of 2nd period - Wrist shot by Patrick Eaves.
9:42 of 2nd period - Stopped by Semyon Varlamov without a rebound.
9:43 of 2nd period - Bryan Little wins face-off versus Erik Christensen in Avalanche zone.
9:45 of 2nd period - Double Minor Penalty to Patric Hornqvist for Roughing.
9:46 of 2nd period - Brayden Schenn wins face-off versus Andrew Ladd in Avalanche zone.
11:07 of 2nd period - Matthew Spiller is hit by Kyle Turris and loses puck.
11:58 of 2nd period - Andrei Kostitsyn is hit by Erik Christensen and loses puck.
12:03 of 2nd period - Snap shot by Eric Wellwood.
12:03 of 2nd period - Shot Misses the Net.
13:11 of 2nd period - William Colbert is hit by Pernell Karl Subban and loses puck.
13:28 of 2nd period - Icing by Kyle Clifford.
13:29 of 2nd period - Andrew Ladd wins face-off versus Brayden Schenn in Panthers zone.
13:45 of 2nd period - Penalty to Patric Hornqvist is over, Patric Hornqvist is back on ice.
13:54 of 2nd period - Snap shot by Mikkel Boedker.
13:54 of 2nd period - Shot Misses the Net.
13:56 of 2nd period - Snap shot by Mikkel Boedker.
13:56 of 2nd period - Shot Misses the Net.
15:26 of 2nd period - Dan Boyle is hit by William Colbert and loses puck.
16:08 of 2nd period - Wrist shot by Jean-Gabriel Pageau.
16:08 of 2nd period - Stopped by Semyon Varlamov with a rebound.
16:40 of 2nd period - Andrew Ladd is hit by Alex Galchenyuk and loses puck.
16:51 of 2nd period - Johnny Boychuk is hit by Tomas Kopecky and loses puck.
18:12 of 2nd period - Snap shot by Tomas Kopecky.
18:12 of 2nd period - Shot Misses the Net.
18:14 of 2nd period - Wrist shot by Tomas Kopecky.
18:14 of 2nd period - Shot Blocked by Marc Staal.
19:24 of 2nd period - Slapshot by Alexander Perezhogin.
19:24 of 2nd period - Shot Misses the Net.
19:40 of 2nd period - Pernell Karl Subban is hit by Jean-Gabriel Pageau.
Goals for this period are 0 for Avalanche vs 0 for Panthers.
Shots for this period are 4 for Avalanche vs 5 for Panthers.
3rd period
0:01 of 3rd period - Paul Stastny wins face-off versus Brayden Schenn in neutral zone.
0:46 of 3rd period - Off-side.
0:47 of 3rd period - Erik Christensen wins face-off versus Greg Campbell in neutral zone.
0:50 of 3rd period - Wrist shot by Erik Gudbranson.
0:50 of 3rd period - Shot Blocked by Jay Bouwmeester.
0:52 of 3rd period - Slapshot by Matthew Spiller.
0:52 of 3rd period - Shot Blocked by Jay Bouwmeester.
0:54 of 3rd period - Snap shot by Matthew Spiller.
0:54 of 3rd period - Deflect By Patrick Eaves.
0:54 of 3rd period - Shot Blocked by Marc Staal.
0:54 of 3rd period - Puck is out of play.
0:55 of 3rd period - Brayden Schenn wins face-off versus Paul Stastny in Avalanche zone.
1:19 of 3rd period - Marc Staal is hit by Erik Gudbranson.
2:04 of 3rd period - Jack Johnson is hit by Jonathan Sigalet and loses puck.
2:33 of 3rd period - Backhand shot by Paul Stastny.
2:33 of 3rd period - Shot Misses the Net.
2:45 of 3rd period - Snap shot by Bryan Little.
2:45 of 3rd period - Deflect By Mikkel Boedker.
2:45 of 3rd period - Stopped by Antti Niemi without a rebound.
2:46 of 3rd period - Bryan Little wins face-off versus Jean-Gabriel Pageau in Panthers zone.
2:55 of 3rd period - Slapshot by Tomas Kopecky.
2:55 of 3rd period - Deflect By Jean-Gabriel Pageau.
2:55 of 3rd period - Stopped by Semyon Varlamov without a rebound.
2:56 of 3rd period - Andrei Kostitsyn wins face-off versus Brayden Schenn in Avalanche zone.
3:07 of 3rd period - Wrist shot by Paul Stastny.
3:07 of 3rd period - Stopped by Antti Niemi with a rebound.
3:25 of 3rd period - Snap shot by Erik Christensen.
3:25 of 3rd period - Goal by Erik Christensen - Avalanche : 2 - Panthers : 5.
3:26 of 3rd period - Paul Stastny wins face-off versus Brayden Schenn in neutral zone.
3:39 of 3rd period - Minor Penalty to Andrei Kostitsyn for Holding Stick.
3:40 of 3rd period - Andrew Ladd wins face-off versus Brayden Schenn in Avalanche zone.
4:10 of 3rd period - Slapshot by Tomas Kopecky.
4:10 of 3rd period - Goal by Tomas Kopecky - Avalanche : 2 - Panthers : 6.
4:11 of 3rd period - Paul Stastny wins face-off versus Brayden Schenn in neutral zone.
4:14 of 3rd period - Erik Gudbranson is hit by Alexander Radulov.
4:30 of 3rd period - Pernell Karl Subban is hit by Alex Galchenyuk and loses puck.
4:47 of 3rd period - Snap shot by Erik Christensen.
4:47 of 3rd period - Deflect By Jack Johnson.
4:47 of 3rd period - Shot Blocked by Pernell Karl Subban.
4:47 of 3rd period - Puck is out of play.
4:48 of 3rd period - Patric Hornqvist wins face-off versus Erik Christensen in Avalanche zone.
4:53 of 3rd period - Slapshot by Jay Bouwmeester.
4:53 of 3rd period - Shot Misses the Net.
4:55 of 3rd period - Slapshot by Patric Hornqvist.
4:55 of 3rd period - Stopped by Antti Niemi with a rebound.
4:57 of 3rd period - Snap shot by Bryan Little.
4:57 of 3rd period - Stopped by Antti Niemi without a rebound.
4:58 of 3rd period - Bryan Little wins face-off versus Brayden Schenn in Panthers zone.
6:31 of 3rd period - Wrist shot by Alex Galchenyuk.
6:31 of 3rd period - Shot Blocked by Dan Boyle.
6:33 of 3rd period - Wrist shot by Daniel Sedin.
6:33 of 3rd period - Shot Misses the Net.
6:35 of 3rd period - Slapshot by Matthew Spiller.
6:35 of 3rd period - Shot Blocked by Dan Boyle.
6:37 of 3rd period - Snap shot by Jonathan Matsumoto.
6:37 of 3rd period - Stopped by Semyon Varlamov without a rebound.
6:38 of 3rd period - Jean-Gabriel Pageau wins face-off versus Bryan Little in Avalanche zone.
6:46 of 3rd period - Minor Penalty to William Colbert for Tripping.
6:47 of 3rd period - Bryan Little wins face-off versus Brayden Schenn in Panthers zone.
7:20 of 3rd period - Wrist shot by Paul Stastny.
7:20 of 3rd period - Goal by Paul Stastny - Avalanche : 3 - Panthers : 6.
7:21 of 3rd period - Bryan Little wins face-off versus Alex Galchenyuk in neutral zone.
7:28 of 3rd period - Snap shot by Bryan Little.
7:28 of 3rd period - Stopped by Antti Niemi with a rebound.
7:48 of 3rd period - Kyle Clifford is hit by Paul Stastny and loses puck.
8:58 of 3rd period - Jonathan Matsumoto is hit by Patric Hornqvist and loses puck.
9:26 of 3rd period - Minor Penalty to Alexander Radulov for Slashing.
9:27 of 3rd period - Andrew Ladd wins face-off versus Brayden Schenn in Avalanche zone.
9:27 of 3rd period - Andrew Ladd is hit by Jonathan Sigalet.
9:52 of 3rd period - Snap shot by Kyle Clifford.
9:52 of 3rd period - Shot Blocked by Marc Staal.
9:54 of 3rd period - Slapshot by Mike Komisarek.
9:54 of 3rd period - Stopped by Semyon Varlamov with a rebound.
10:02 of 3rd period - Snap shot by Kyle Clifford.
10:02 of 3rd period - Stopped by Semyon Varlamov with a rebound.
10:56 of 3rd period - Greg Campbell is hit by Kyle Clifford and loses puck.
11:26 of 3rd period - Penalty to Alexander Radulov is over, Alexander Radulov is back on ice.
11:27 of 3rd period - Chuck Kobasew is hit by Erik Christensen and loses puck.
11:38 of 3rd period - Slapshot by Marc Staal.
11:38 of 3rd period - Stopped by Antti Niemi with a rebound.
11:40 of 3rd period - Snap shot by Marc Staal.
11:40 of 3rd period - Deflect By Mikkel Boedker.
11:40 of 3rd period - Stopped by Antti Niemi with a rebound.
11:42 of 3rd period - Snap shot by Marc Staal.
11:42 of 3rd period - Deflect By Mikkel Boedker.
11:42 of 3rd period - Goal by Mikkel Boedker - Avalanche : 4 - Panthers : 6.
11:43 of 3rd period - Paul Stastny wins face-off versus Erik Christensen in neutral zone.
12:08 of 3rd period - Matthew Spiller is hit by Bryan Little and loses puck.
13:09 of 3rd period - Andrei Kostitsyn is hit by Alex Galchenyuk and loses puck.
13:33 of 3rd period - Jack Johnson is hit by Tomas Kopecky and loses puck.
14:06 of 3rd period - Mikkel Boedker is hit by Matthew Spiller and loses puck.
14:17 of 3rd period - Wrist shot by Jonathan Matsumoto.
14:17 of 3rd period - Shot Blocked by Bryan Little.
14:57 of 3rd period - Slapshot by Alex Galchenyuk.
14:57 of 3rd period - Shot Blocked by Dan Boyle.
15:13 of 3rd period - Slapshot by Bryan Little.
15:13 of 3rd period - Shot Blocked by Jonathan Sigalet.
15:23 of 3rd period - Slapshot by Mike Komisarek.
15:23 of 3rd period - Stopped by Semyon Varlamov without a rebound.
15:24 of 3rd period - Erik Christensen wins face-off versus Greg Campbell in Avalanche zone.
15:31 of 3rd period - Wrist shot by Patrick Eaves.
15:31 of 3rd period - Stopped by Semyon Varlamov with a rebound.
15:33 of 3rd period - Wrist shot by Eric Wellwood.
15:33 of 3rd period - Shot Blocked by Marc Staal.
15:49 of 3rd period - Kyle Clifford is hit by Alexander Radulov and loses puck.
15:54 of 3rd period - Wrist shot by Andrei Kostitsyn.
15:54 of 3rd period - Stopped by Antti Niemi with a rebound.
15:56 of 3rd period - Slapshot by Jack Johnson.
15:56 of 3rd period - Deflect By Tomas Kopecky.
15:56 of 3rd period - Stopped by Antti Niemi without a rebound.
15:57 of 3rd period - Greg Campbell wins face-off versus Jean-Gabriel Pageau in Panthers zone.
16:08 of 3rd period - Wrist shot by Jack Johnson.
16:08 of 3rd period - Shot Misses the Net.
17:04 of 3rd period - Alex Galchenyuk is hit by Paul Stastny.
17:05 of 3rd period - Alex Galchenyuk from Panthers is injured at 17:05 of 3rd period (Strained Right Knee).
17:06 of 3rd period - Erik Christensen wins face-off versus Greg Campbell in Panthers zone.
17:11 of 3rd period - Snap shot by Greg Campbell.
17:11 of 3rd period - Stopped by Antti Niemi with a rebound.
17:13 of 3rd period - Snap shot by Brandon Yip.
17:13 of 3rd period - Deflect By Andrew Ladd.
17:13 of 3rd period - Shot Blocked by Patrick Eaves.
17:13 of 3rd period - Puck is out of play.
17:14 of 3rd period - Greg Campbell wins face-off versus Erik Christensen in Panthers zone.
17:15 of 3rd period - Wrist shot by Andrew Ladd.
17:15 of 3rd period - Deflect By Greg Campbell.
17:15 of 3rd period - Stopped by Antti Niemi with a rebound.
17:17 of 3rd period - Snap shot by Andrew Ladd.
17:17 of 3rd period - Stopped by Antti Niemi without a rebound.
17:18 of 3rd period - Erik Christensen wins face-off versus Andrew Ladd in Panthers zone.
17:18 of 3rd period - Erik Christensen is hit by Greg Campbell.
17:21 of 3rd period - Minor Penalty to Erik Gudbranson for Holding.
17:22 of 3rd period - Brayden Schenn wins face-off versus Bryan Little in Panthers zone.
17:53 of 3rd period - Off-side.
17:54 of 3rd period - Paul Stastny wins face-off versus Jean-Gabriel Pageau in neutral zone.
18:11 of 3rd period - Off-side.
18:12 of 3rd period - Brayden Schenn wins face-off versus Bryan Little in neutral zone.
19:21 of 3rd period - Penalty to Erik Gudbranson is over, Erik Gudbranson is back on ice.
Goals for this period are 2 for Avalanche vs 2 for Panthers.
Shots for this period are 14 for Avalanche vs 8 for Panthers.
Back to the Top